 Dungeon Crawl Stone Soup version 0.26-b1-59-ge38874ec40 (webtiles) character file.

Game seed: 3765278352077360861

2942 FancyManDan the Envoy of Void (level 9, -16/71 HPs)
             Began as a Demonspawn Abyssal Knight on Jan 8, 2021.
             Was a High Priest of Lugonu.
             Demolished by Psyche
             ... wielding a +2 dagger of distortion
              (17 damage)
             ... on level 9 of the Dungeon.
             The game lasted 00:34:02 (8514 turns).

FancyManDan the Envoy of Void (DsAK)                Turns: 8514, Time: 00:34:03

Health: -16/71     AC: 17    Str: 16    XL:     9   Next: 51%
Magic:  15/15      EV: 13    Int: 13    God:    Lugonu [*****.]
Gold:   510        SH:  0    Dex: 13    Spells: 8/8 levels left

rFire    . . .     SeeInvis .   y - +2 whip (flame)
rCold    . . .     Faith    +   (no shield)
rNeg     . . .     Spirit   .   i - +1 ring mail
rPois    .         Reflect  .   K - +0 helmet
rElec    .         Harm     .   I - +0 cloak
rCorr    .         Rampage  .   J - +0 pair of gloves (curse)
Will     +....                  (no boots)
Stlth    +.........             A - amulet of faith
HPRegen  0.21/turn              j - ring of willpower
MPRegen  0.14/turn              h - +4 ring of protection

@: studying Fire Magic
A: molten scales 1, demonic guardian 1, spiny 1
a: Renounce Religion, Depart the Abyss, Bend Space, Banish, Corrupt, Enter the
Abyss


You were on level 9 of the Dungeon.
You worshipped Lugonu.
Lugonu was extremely pleased with you.
You visited 1 branch of the dungeon, and saw 9 of its levels.
You visited the Abyss 1 time.
You also visited: Ossuary.

You collected 510 gold pieces.

Inventory:

Hand Weapons
 a - a +2 hand axe
 y - a +2 whip of flaming (weapon)
Missiles
 k - 5 boomerangs of dispersal
Armour
 i - a +1 ring mail (worn)
 I - a +0 cloak (worn)
 J - a cursed +0 pair of gloves (worn)
 K - a +0 helmet (worn)
Jewellery
 d - an uncursed ring of fire
 h - a +4 ring of protection (right hand)
 j - a ring of willpower (left hand)
 u - an uncursed ring of flight
 A - an amulet of faith (around neck)
Wands
 z - a wand of random effects (28)
 D - a wand of flame (7)
 G - a wand of paralysis (9)
Scrolls
 b - a scroll of enchant weapon
 c - 6 scrolls of identify
 f - 2 scrolls of enchant armour
 m - 5 scrolls of teleportation
 o - 2 scrolls of noise
 r - 5 scrolls of remove curse
 s - 2 scrolls of blinking
 w - 2 scrolls of fog
 x - 3 scrolls of magic mapping {unknown}
 F - 3 scrolls of immolation {unknown}
 H - a scroll of amnesia {unknown}
Potions
 e - a potion of might {unknown}
 g - 2 potions of berserk rage {unknown}
 l - 2 potions of mutation {unknown}
 n - 2 potions of attraction {unknown}
 p - 4 potions of curing {unknown}
 q - 3 potions of haste
 t - 2 potions of heal wounds {unknown}
 v - 2 potions of degeneration {unknown}
 B - 4 potions of resistance {unknown}
 E - a potion of cancellation {unknown}
Books
 C - a manual of Fire Magic


   Skills:
 + Level 6.6 Fighting
 + Level 5.6 Axes
 + Level 5.7 Armour
 + Level 5.3 Dodging
 + Level 8.1 Invocations


You had 8 spell levels left.
You didn't know any spells.
Your spell library contained the following spells:

 Spells                   Type           Power        Failure   Level
 Corona                   Hex            0%           50%         1
 Freeze                   Ice            0%           50%         1
 Sting                    Tmut/Pois      0%           50%         1
 Summon Small Mammal      Summ           0%           50%         1
 Call Imp                 Summ           0%           63%         2
 Poisonous Vapours        Pois/Air       0%           63%         2
 Call Canine Familiar     Summ           0%           86%         3
 Frozen Ramparts          Ice            0%           86%         3
 Ignite Poison            Fire/Tmut/Pois 0%           86%         3
 Mephitic Cloud           Conj/Pois/Air  0%           86%         3
 Ozocubu's Armour         Ice            0%           86%         3
 Summon Guardian Golem    Hex/Summ       0%           86%         3
 Hailstorm                Conj/Ice       0%           99%         4
 Leda's Liquefaction      Hex/Erth       0%           99%         4
 Olgreb's Toxic Radiance  Pois           0%           99%         4
 Summon Ice Beast         Ice/Summ       0%           99%         4
 Summon Lightning Spire   Summ/Air       0%           99%         4
 Invisibility             Hex            0%           100%        6


Dungeon Overview and Level Annotations

Branches:
Dungeon (9/15)             Temple (0/1) D:4         Ossuary (visited)
   Lair: D:8-11         Orc: D:9-12

Altars:
Ashenzari
Elyvilon
Nemelex Xobeh
Okawaru
Qazlal
Sif Muna
Vehumet
Xom

Shops:
D:5 }

Annotations:
D:9 Psyche


Innate Abilities, Weirdness & Mutations

You are partially covered in molten scales. (AC +2)
A weak demonic guardian rushes to your aid.
You are partially covered in sharp spines.


Message History

The orc is struck by your spines.
You kill the orc!
Lugonu accepts your kill.
You whack something! You burn something. Something hits you but does no damage.
You hear some strange, mumbled words.
A puff of frost appears from out of thin air!
The puff of frost hits you but does no damage.
You barely miss something. Something hits you but does no damage.
Space warps horribly around you!! Something hits you but does no damage.
Space bends around you.
* * * LOW HITPOINT WARNING * * *
You miss something. Something hits you but does no damage.
Space warps horribly around you!
* * * LOW HITPOINT WARNING * * *
Something hits you but does no damage.
You hit something. You burn something. Something hits you but does no damage.
Space bends around you.
* * * LOW HITPOINT WARNING * * *
Something hits you but does no damage. Space warps horribly around you!
You die...

#####......#
#....>.....#
#.###......#
#..(#.........
###.#####+#...
#.# ## #)#
###{##+#####
#..(@.......
#..)........
#...........
#.........##
...........#
.............#
.............#
.............#
..............


There were no monsters in sight!

Vanquished Creatures
  Grinder (D:5)
  2 wraiths (Ossuary)
  A wyvern (D:8)
  Grum (D:9)
  An orc warrior (D:9)
  A sky beast (D:7)
  2 phantoms
  3 centaurs
  4 wolves
  A bullfrog (D:7)
  3 scorpions
  Dowan (D:6)
  2 wights (Ossuary)
  A howler monkey (D:6)
  A centaur zombie (D:7)
  2 hounds
  A jelly (D:8)
  An orc priest (D:6)
  Crazy Yiuf (D:7)
  5 orc wizards
  3 worker ants
  A howler monkey skeleton (D:8)
  9 adders
  2 shadow imps (D:7)
  2 ufetubi (D:8)
  2 adder zombies (Ossuary)
  An adder skeleton (D:8)
  2 dart slugs
  2 worms
  8 leopard geckos
  31 orcs
  5 bats
  4 giant cockroaches
  4 goblins
  8 hobgoblins
  19 jackals
  7 kobolds
  2 quokkas
  5 frilled lizards
  2 hobgoblin skeletons (Ossuary)
  2 hobgoblin zombies (Ossuary)
  A jackal zombie (D:5)
  A kobold zombie (Ossuary)
  3 orc zombies (Ossuary)
  5 rats
166 creatures vanquished.

Vanquished Creatures (collateral kills)
  Duvessa (D:6)
  3 centaurs
  An ogre (D:2)
  A big kobold (D:6)
  An orc wizard (D:4)
  A worker ant (D:5)
  A leopard gecko (D:8)
  3 orcs
  A kobold (D:6)
13 creatures vanquished.

Grand Total: 179 creatures vanquished

Notes
Turn   | Place    | Note
-------+----------+-------------------------------------------
     0 | Abyss:1  | FancyManDan the Demonspawn Abyssal Knight began the quest
                  | for the Orb.
     0 | Abyss:1  | Reached XP level 1. HP: 18/18 MP: 2/2
    39 | Abyss:2  | Noticed an ancient zyme
    58 | D:1      | Escaped the Abyss
   266 | D:1      | Found a sparkling altar of Nemelex Xobeh.
   280 | D:1      | Reached skill level 1 in Dodging
   324 | D:1      | Gained mutation: A weak demonic guardian rushes to your
                  | aid. [demonic ancestry]
   324 | D:1      | Reached XP level 2. HP: 22/24 MP: 4/4
   328 | D:1      | Reached * piety under Lugonu
   789 | D:2      | Noticed an ogre
   881 | D:2      | Reached skill level 3 in Invocations
   882 | D:2      | Reached XP level 3. HP: 21/29 MP: 5/5
  1051 | D:2      | Killed an ogre
  1052 | D:2      | Reached XP level 4. HP: 14/35 MP: 6/6
  1354 | D:2      | Found a stormy altar of Qazlal.
  1401 | D:2      | You fall into a shaft and drop 1 floor!
  1517 | D:3      | Reached ** piety under Lugonu
  2449 | D:3      | Reached XP level 5. HP: 42/42 MP: 7/7
  2993 | D:4      | Reached skill level 4 in Invocations
  3168 | D:4      | Found a staircase to the Ecumenical Temple.
  3802 | D:4      | Found a shimmering altar of Xom.
  3802 | D:4      | Found a radiant altar of Vehumet.
  3802 | D:4      | Found a broken altar of Ashenzari.
  3814 | D:4      | Found a shimmering blue altar of Sif Muna.
  3818 | D:4      | Found an iron altar of Okawaru.
  3844 | D:5      | Entered Level 5 of the Dungeon
  3853 | D:5      | Noticed Grinder
  3864 | D:5      | Found a sand-covered staircase.
  3884 | Ossuary  | Entered an ossuary
  3958 | Ossuary  | Reached *** piety under Lugonu
  3996 | Ossuary  | Noticed a flying skull
  3996 | Ossuary  | Noticed a wraith
  4064 | Ossuary  | Gained mutation: You are partially covered in sharp spines.
                  | [demonic ancestry]
  4064 | Ossuary  | Reached XP level 6. HP: 42/48 MP: 9/9
  4075 | Ossuary  | Noticed a flying skull
  4080 | Ossuary  | Noticed a wraith
  4097 | Ossuary  | Killed a wraith
  4123 | Ossuary  | Noticed a flying skull
  4131 | Ossuary  | Noticed a wraith
  4140 | Ossuary  | Killed a wraith
  4141 | Ossuary  | Reached skill level 5 in Invocations
  4141 | Ossuary  | Gained mutation: You are partially covered in molten
                  | scales. (AC +2) [demonic ancestry]
  4141 | Ossuary  | Reached XP level 7. HP: 27/55 MP: 10/10
  4339 | D:5      | Killed Grinder
  4560 | D:5      | Found Benon's Gadget Emporium.
  4826 | D:6      | Reached skill level 5 in Fighting
  5032 | D:6      | Reached XP level 8. HP: 58/62 MP: 12/12
  5096 | D:6      | Noticed Dowan
  5097 | D:6      | Noticed Duvessa
  5102 | D:6      | Reached skill level 6 in Invocations
  5120 | D:6      | Killed Dowan
  5129 | D:6      | Killed Duvessa
  5129 | D:6      | Reached **** piety under Lugonu
  5831 | D:7      | Identified the Incunabulum of Contamination and Hexes
  5914 | D:7      | Reached skill level 7 in Invocations
  6476 | D:7      | Reached skill level 5 in Axes
  6476 | D:7      | Reached skill level 5 in Armour
  6668 | D:7      | Found a runed translucent door.
  6669 | D:7      | Noticed Crazy Yiuf
  6676 | D:7      | Killed Crazy Yiuf
  6724 | D:8      | Reached XP level 9. HP: 57/69 MP: 14/14
  7466 | D:8      | Found a white marble altar of Elyvilon.
  7584 | D:8      | Reached skill level 5 in Dodging
  7890 | D:9      | Noticed Grum
  8020 | D:8      | Reached ***** piety under Lugonu
  8173 | D:9      | Killed Grum
  8174 | D:9      | Reached skill level 8 in Invocations
  8473 | D:9      | Identified the +0 chain mail of the Purple Skies {Str+2}
  8488 | D:9      | Noticed Psyche
  8514 | D:9      | HP: 1/71 [something (6)]
  8514 | D:9      | Demolished by Psyche

Illustrated notes

Levels and vault maps discovered:
D:1:      minmay_arrival_five_plusses, layout_basic,
          nemelex_diamond_rough_becter
D:2:      layout_rooms, general_overflow_altar, chequers_serial_rivers_marsh,
          chequers_hall_statues_y, chequers_arboretum
D:3:      minmay_angry_zag, layout_loops_ring, minmay_cut_off
D:4:      layout_basic, minmay_overflow_temple_star_hex,
          minmay_temple_entry_ruins
D:5:      layout_rooms, serial_shops, shop, enter_ossuary_3, uniq_grinder
D:6:      layout_basic, uniq_duvessa
D:7:      layout_gridville, minmay_manual_mares, uniq_crazy_yiuf_cottage
D:8:      layout_basic, nrook_mini_vaults, elyvilon_altar_1
D:9:      layout_basic, serial_curves, eino_curves_04, eino_curves_02,
          uniq_psyche, uniq_grum

Skill      XL: |  1  2  3  4  5  6  7  8  9 |
---------------+----------------------------+-----
Dodging        | 1 2 3 4 5 |  5.3
Armour         | 2 3 4 5 |  5.7
Axes           | 2 3 4 5 |  5.6
Invocations    | 3 4 5 7 8 |  8.1
Fighting       | 4 5 6 |  6.6

Action                   |  1- 3 |  4- 6 |  7- 9 || total
-------------------------+-------+-------+-------++-------
Melee: Hand axe          |    47 |   329 |    42 ||   418
       Unarmed           |       |    16 |       ||    16
       Whip              |       |       |   260 ||   260
Invok: Depart the Abyss  |     1 |       |       ||     1
  Use: Scroll            |       |    10 |       ||    10
 Stab: Distracted        |       |       |     4 ||     4
Armor: Leather armour    |    10 |    12 |       ||    22
       Ring mail         |       |   124 |   100 ||   224
Dodge: Dodged            |    30 |   202 |   157 ||   389
